 Dungeon Crawl Stone Soup version 0.30-a0-800-g7c544603b3 (webtiles) character file.

Game seed: 8149644377874916722

56 freelancePsychic the Sneak (level 3, -2/26 HPs)
             Began as a Ghoul Venom Mage on Feb 22, 2023.
             Slain by a gnoll
             ... wielding a +0 whip
              (3 damage)
             ... on level 2 of the Dungeon.
             The game lasted 00:03:56 (1890 turns).

freelancePsychic the Sneak (Ghoul Venom Mage)       Turns: 1890, Time: 00:03:57

Health: -2/26      AC:  3    Str: 15 (17) XL:     3   Next: 95%
Magic:  0/4        EV: 11    Int: 12      God:
Gold:   83         SH:  0    Dex:  7 (9)  Spells: 2/5 levels left

rFire   . . .      SeeInvis .    m - +0 spear
rCold   + . .      Faith    .    (no shield)
rNeg    + + +      Spirit   .    h - +0 leather armour
rPois   ∞          Reflect  .    (no helmet)
rElec   .          Harm     .    (no cloak)
rCorr   .          Rampage  .    (no gloves)
Will    .....                    (no boots)
Stlth   ++                       (no amulet)
HPRegen 0.00/turn                e - +6 ring of strength
MPRegen 0.09/turn                (no ring)

@: inhibited regen
A: claws 1, cold resistance 1, negative energy resistance 3, inhibited
regeneration, torment resistance 2, devour on kill
a: no special abilities


You were on level 2 of the Dungeon.
You visited 1 branch of the dungeon, and saw 2 of its levels.

You collected 83 gold pieces.

Inventory:

Hand Weapons
 m - a +0 spear (weapon)
Armour
 a - a +0 robe
 h - a +0 leather armour (worn)
Jewellery
 e - a +6 ring of strength (left claw)
 g - an amulet of the acrobat
Scrolls
 c - a scroll of amnesia
Potions
 b - a potion of magic
 f - a potion of degeneration {unknown}
 i - a potion of brilliance {unknown}
 j - a potion of ambrosia {unknown}
 l - a potion of heal wounds {unknown}


   Skills:
 - Level 1.7 Dodging
 * Level 3.8 Stealth
 - Level 1.7 Spellcasting
 - Level 0.8 Transmutations
 + Level 1.1 Air Magic
 + Level 3.4 Poison Magic


You had 2 spell levels left.
You knew the following spells:

 Your Spells              Type           Power      Damage    Failure   Level
a - Sting                 Tmut/Pois      24%        1d4       14%         1
b - Poisonous Vapours     Pois/Air       12%        N/A       21%         2

Your spell library contained the following spells:

 Spells                   Type           Power      Damage    Failure   Level
 Mephitic Cloud           Conj/Pois/Air  4%         N/A       50%         3
 Olgreb's Toxic Radiance  Pois           9%         N/A       63%         4


Dungeon Overview and Level Annotations

Branches:
Dungeon (2/15)

Altars:

Annotations:
D:1 1 transporter


Innate Abilities, Weirdness & Mutations

You are immune to poison.
You have sharp fingernails.
Your flesh is cold resistant. (rC+)
You are immune to negative energy. (rN+++)
You do not regenerate when monsters are visible.
You are immune to unholy pain and torment.
You thrive by killing the living.


Message History

You rip the net and break free!
The gnoll closely misses you.
Casting: Poisonous Vapours (safe; 21% risk of failure)
Confirm with . or Enter, or press ? or * to list all spells.
Aiming: Sting (safe; 14% risk of failure)
Press: ? - help, Shift-Dir - straight line, f - gnoll
Aim: a gnoll, wielding a +0 whip (lightly wounded, 72% to hit)
The sting hits the gnoll but does no damage.
The gnoll is poisoned.
The gnoll is lightly wounded.
The gnoll hits you with a +0 whip.
* * * LOW HITPOINT WARNING * * *
Casting: Sting (safe; 14% risk of failure)
Confirm with . or Enter, or press ? or * to list all spells.
Aiming: Sting (safe; 14% risk of failure)
Press: ? - help, Shift-Dir - straight line, f/p - gnoll
Aim: a gnoll, wielding a +0 whip (lightly wounded, poisoned, 72% to hit)
The sting hits the gnoll.
The gnoll looks even sicker.
The gnoll is moderately wounded.
The gnoll closely misses you.
Okay, then.
The gnoll attacks as you move away! The gnoll closely misses you.
The gnoll attacks as you move away! The gnoll hits you with a +0 whip.
* * * LOW HITPOINT WARNING * * *
You barely miss the gnoll.
The gnoll is moderately wounded.
The gnoll hits you with a +0 whip.
* * * LOW HITPOINT WARNING * * *
You aren't carrying any items that you can evoke.
Okay, then.
It was a potion of mutation.
You feel extremely strange.
Your body decomposes!
You feel weakened.
Your body decomposes!
You feel weakened.
Your body decomposes!
You feel clumsy.
Your body decomposes!
You feel clumsy. The gnoll hits you with a +0 whip.
You die...

#......# #.########
#......# #.).g§...#
#......## ########.#
#.......# #.#
#.......# #.#
#.......# #.#
........# #.#
........##########.#
....>...........@g.#
......##############
......# ..##### ..#
###


You could see a gnoll (very poisoned).

Vanquished Creatures
  A gnoll (D:2)
  An adder (D:2)
  A dart slug (D:1)
  3 endoplasms
  3 giant cockroaches (D:1)
  3 goblins
  A hobgoblin (D:1)
  4 kobolds (D:1)
  2 quokkas
  5 ball pythons
  4 bats
  2 frilled lizards
  6 rats
36 creatures vanquished.

Notes
Turn   | Place    | Note
-------+----------+-------------------------------------------
     0 | D:1      | freelancePsychic the Ghoul Venom Mage began the quest for
                  | the Orb.
     0 | D:1      | Reached XP level 1. HP: 14/14 MP: 2/2
   150 | D:1      | Reached XP level 2. HP: 18/20 MP: 0/3
   557 | D:1      | Learned a level 2 spell: Poisonous Vapours
   775 | D:1      | Found a faded altar of an unknown god.
   835 | D:1      | Reached XP level 3. HP: 26/26 MP: 1/4
  1473 | D:2      | Reached skill level 1 in Air Magic
  1889 | D:2      | HP: 1/26 [gnoll/+0 whip (1)]
  1890 | D:2      | Slain by a gnoll

Illustrated notes

Levels and vault maps discovered:
D:1:      spicycebolla_arrival_risky_transporter, layout_basic,
          hellmonk_ecumenical_altar_arch_garden, serial_glass, glass_columns_a,
          glass_columns_c, glass_columns_a, glass_columns_b
D:2:      layout_basic, serial_bayou_crossing

Skill      XL: |  1  2  3 |
---------------+----------+-----
Stealth        | 3 |  3.8
Air Magic      | 1 |  1.1
Dodging        | |  1.7
Spellcasting   | |  1.7
Transmutations | |  0.8
Poison Magic   | |  3.4

Action                     || total
---------------------------++-------
  Melee: Unarmed           ||    39
         Punch             ||     1
         Spear             ||     9
   Cast: Sting             ||    51
         Poisonous Vapours ||     2
    Use: Scroll            ||     4
         Potion            ||     1
   Stab: Distracted        ||     1
 Armour: Robe              ||    10
         Leather armour    ||    15
  Dodge: Dodged            ||    50

Table legend: (Time is in decaauts)
 A = Elapsed time spent in this place.
 B = Non-inter-level travel time spent in this place.
 C = Inter-level travel time spent in this place.
 D = Time resting spent in this place.
 E = Time spent auto-exploring this place.
 F = Levels seen in this place.
 G = Mean time per level.
                   A        B        C        D        E       F      G
               +--------+--------+--------+--------+--------+-----+--------+
         Total |   1889 |   1807 |     82 |      0 |   1426 |   2 |  944.5 |
       Dungeon |   1889 |   1807 |     82 |      0 |   1426 |   2 |  944.5 |
               +--------+--------+--------+--------+--------+-----+--------+

Top non-repeatable levels by time:
     D:1: 1232 daAuts
     D:2: 657 daAuts
